Match 29605278
Unlisted

Match 29605278
End
Selects Australian Defense Battlegroup
Selects Australian Light Infantry Section
Australian Light Infantry Section
Construct Section Command Post
Infantry Section
Australian Light Infantry Section
Construct Field Infirmary
Vickers Machine Gun Team
Infantry Section
Grenade Package
Construct Platoon Command Post
Humber Armored Car
6-pounder Anti-tank Gun Team
Unlock Bishop Self-propelled Artillery
Infantry Section
Bishop Self-propelled Artillery
Selects Defensive Tactics
Selects Hold the Line!
Selects CMP 15cwt Supply Run
Selects Reinforced Resource Caches
Bishop Self-propelled Artillery
6-pounder Anti-tank Gun Team
Bishop Self-propelled Artillery
Wolve.
Clasher
Hipoapa
Starfucker
猫蓝星
iAinEng
Butterfly dog
ssoseji76
0
0

Comments sign in to comment!

No comments posted yet!